← All builds
Suicide front / Cortex / Economy first / OBSERVED BUILD

Standard suicide front

Cortex Suicide front build order · Supreme Isthmus

The role's baseline: bot lab first, economy expands through the first minutes, and Thugs with Aggravators and Grunts carry the fight to the middle as T2 approaches.

#eco #defence · 438 distinct matches · 81 players · 71% of Cortex Suicide front games · team won 51% of 454 · Recently observed

HOW TO PLAY IT

Key timing: Bot Lab by 0:34

  1. Take 3 mex, then rush a Bot Lab immediately for early army.
  2. Finish Bot Lab, start pumping Thug, Grunt and Aggravator.
  3. Push units to middle to contest and secure reclaim early.
  4. Add Advanced Metal Extractor to keep economy scaling with the fight.
  5. Hold middle with bots until T2 reinforcements arrive from Geo.

Phase by phase

TYPICAL OF ITS 438 GAMES
  1. 1
  2. 2
  3. 3
PLAY THE OPENING

Follow the example game's first 6:00 step by step: what to build now, what comes next, and where it goes. At 1× it keeps pace with your own game.

  1. 1

    Up to the Bot Lab

    Economy
    • Metal Extractor1Mex
    Order
    1. Bot LabBot Lab after 1 mexdone ~0:34, middle half 0:27–0:44

    By 0:18 in all: 1 mex

    The example game in this phase · 3 steps
    1. Mex ×3
    2. GuardGuard
    3. Bot LabBot Labdone 0:53 · typical 0:34
  2. 2

    Bot Lab to 5:00

    Economy
    • Metal Extractor4Mex
    • Wind Turbine3Wind
    Builders
    • Graverobber4 Graverobber
    • Construction Bot3 Con bot
    Army
    • Guard3 Guard
    • Thug15 Thug
    • Grunt3 Grunt
    Other
    • Radar Tower1 Radar Tower

    Some games also: aggravator (49%)

    By 5:00 in all: 5 mex · 3 wind

    The example game in this phase · 18 steps
    1. GraverobberGraverobber
    2. GruntGrunt
    3. Construction BotCon bot ×4
    4. ThugThug
    5. GuardGuard
    6. ThugThug ×2
    7. Mex
    8. ThugThug ×2
    9. Mex
    10. ThugThug
    11. GraverobberGraverobber
    12. ThugThug ×2
    13. Mex
    14. GruntGrunt
    15. Radar TowerRadar Tower
    16. ThugThug ×8
    17. Con turret
    18. ThugThug ×4
  3. 3

    5:00 to 10:00

    Economy
    • Metal Extractor1Mex
    • Wind Turbine13Wind
    Builders
    • Construction Turret2 Con turret
    • Graverobber2 Graverobber
    • Construction Bot1 Con bot
    Army
    • Guard1 Guard
    • Thug6 Thug
    • Grunt3 Grunt

    Some games also: aggravator (49%) · energy storage (48%) · Radar Tower (40%) · Twin Guard (31%)

    By 10:00 in all: 6 mex · 18 wind · 1 energy storage · 2 con turret

    The example game in this phase · 68 steps
    1. WardenWarden
    2. ThugThug ×3
    3. WardenWarden
    4. ThugThug ×3
    5. Mex
    6. ThugThug ×3
    7. Con turret
    8. Wind
    9. Mex
    10. ThugThug
    11. Wind ×2
    12. GruntGrunt
    13. CastroCastro
    14. GruntGrunt
    15. Wind
    16. GruntGrunt
    17. Wind
    18. GruntGrunt ×2
    19. Wind
    20. GruntGrunt ×2
    21. Wind
    22. GruntGrunt ×2
    23. Wind
    24. GruntGrunt ×2
    25. Wind
    26. AgitatorAgitatornot finished by 15:00
    27. Construction BotCon bot
    28. Wind
    29. Advanced Metal ExtractorT2 mexnot finished by 15:00 · typical 9:43
    30. Construction BotCon bot
    31. Wind
    32. Construction BotCon bot
    33. Wind ×2
    34. Construction BotCon bot
    35. Wind ×3
    36. Bot LabBot Labdone 12:16
    37. Mex
    38. Converter
    39. GraverobberGraverobber
    40. Mex ×2
    41. GraverobberGraverobber ×3
    42. Wind
    43. GraverobberGraverobber
    44. Wind
    45. GraverobberGraverobber
    46. Wind
    47. Con turret
    48. GraverobberGraverobber
    49. Wind
    50. ThugThug
    51. GraverobberGraverobber
    52. Advanced Metal ExtractorT2 mex
    53. Wind
    54. GraverobberGraverobber ×2
    55. Wind
    56. PounderPounder
    57. GraverobberGraverobber
    58. Mex
    59. GraverobberGraverobber
    60. Wind
    61. Con turret
    62. GuardGuard ×2
    63. Converter
    64. Wind
    65. Converter ×3
    66. Wind
    67. Converter
    68. Wind

Counts are medians over the build's games: half of them build more, half fewer. The example game is Mixosis's (38 OS, 05/08/2026); pick another.

Team trades

IN AT LEAST 30% OF ITS GAMES

You hand over

Nothing regular.

You get

  • Tidal Generator4 Tidal from Pondfirst at 0:11 · in 69% of games
  • Advanced Construction Bot1 T2 con bot from Geo or Techfirst at 7:37 · in 56% of games

How it plays out

Typical game of this build, running totals by minute

Metal produced

010k20k
0:005:0010:0015:00

metal

Enemy metal destroyed

05k10k
0:005:0010:0015:00

metal

Own metal lost

05k10k15k
0:005:0010:0015:00

metal

454 games.

Show as table
ByMetal produced: This buildEnemy metal destroyed: This buildOwn metal lost: This build
1:0029400
2:0096600
3:002069195133
4:003157695636
5:00430316651428
6:00554025722408
7:00673335823531
8:00792245134501
9:00916852115488
10:001040959036293
11:001194664207134
12:001354168557974
13:001511875068753
14:001695582639442
15:0018266887210231
WHAT THE NUMBERS SAY

This is the role's baseline aggressive job, winning half its games while both dealing and taking heavy metal losses fighting at middle.

  • + Fastest Bot Lab of any role (0:34), gets units fighting almost immediately.
  • + Destroys 8805 enemy metal by 15:00 through constant middle pressure.
  • − Loses 10461 own metal by 15:00, more than it destroys.
  • − Metal production lags behind other front role at 18297 by 15:00.
THE EXAMPLE YOU ARE READING

Mixosis

38.1 OS · 05/08/2026

Open source match ↗

26 received units · includes a constructor
20 metal received · 13504 energy received

Allied construction assistance is unknown. Timings are observations, not a promise of solo reproducibility.

Typical milestones

Bot Lab0:34Middle 50%: 0:27–0:44 · n=450
Advanced Metal Extractor9:43Middle 50%: 8:50–10:58 · n=292

Played most by

_X_64games of this build_Hawkey_49games of this buildImmort30games of this buildGuiTou25games of this buildViltrum23games of this build